AoeStats
← [CL] Al3jandr0.magn00

MegaRandom

503649585Analyzed
1v1 RM · 1mo ago on Sep 1, 2026· 28m 55s· 2 players
Game mode
Random Map
Map size
Tiny (2 player)
Population
200
Speed
Normal
Resources
Standard
Victory
Conquest
Starting age
Dark Age
Ending age
Imperial Age
RankedLock teamsTeams togetherTeam positionsShared explorationLock speedFull tech treeHidden civsTurbo modeCheats
Victory
Defeat
🇦🇷 Celts · Argentina
1916
+14
🇺🇸 Huns · United States
1862
-14
twitch.tv/sir_baron55
7:00 Loom
9:46 Feudal Age
10:49 Double-Bit Axe
12:46 Horse Collar
18:27 Fletching
20:53 Padded Archer Armor
26:04 Castle Age
26:15 Bloodlines
26:45 Bodkin Arrow
26:31 Elite Skirmisher
[CL] Al3jandr0.magn00
7:32 Loom
10:05 Feudal Age
10:12 Man-at-Arms
17:19 Fletching
22:59 Castle Age
23:37 Bodkin Arrow
23:02 Crossbowman
27:48 Ballistics
Connection lost

Rejoining the realm…

Still unreachable

The connection could not be restored.

Session expired

The server has moved on; the page needs a fresh start.